 Dungeon Crawl Stone Soup version 0.31-a0-716-gc7603755dd (webtiles) character file.

Game seed: 11486960478845413904

673 cforsyth the Trooper (level 7, -7/55 HPs)
             Began as a Djinni Chaos Knight on Sept 10, 2023.
             Was a Plaything of Xom.
             Killed from afar by a white imp (15 damage)
             ... with a puff of frost
             ... in the Ecumenical Temple on Sept 11, 2023.
             The game lasted 00:07:14 (4931 turns).

cforsyth the Trooper (Djinni Chaos Knight)          Turns: 4931, Time: 00:07:15

Health: -7/55      AC:  5    Str: 15 (16) XL:     7   Next: 90%
Gold:   334        EV: 10    Int: 16      God:    Xom [......] SH:  8 Dex: 10 (12)

rFire   + + .        o - +4 hand axe "Ininees" {holy, Str+7 Stlth-}
rCold   x . .        i - +0 kite shield
rNeg    . . .        b - +2 leather armour
rPois   ∞            r - +0 helmet
rElec   .            (no cloak)
rCorr   .            s - +0 pair of gloves
SInv    .            (boots unavailable)
Will    .....        (no amulet) Stlth
                     (no ring)
HPRegen 0.29/turn    (no ring)
MPRegen 0.00/turn

%: infuse magic (-8 HP)
@: flying
A: sickness immunity, fire resistance 2, cold vulnerability 1, float, innate
caster, HP casting, extra vitality 1, deformed body, deterioration 1, weak 1
a: Renounce Religion


You were in the Ecumenical Temple.
You worshipped Xom.
You were a very special plaything of Xom.
You visited 2 branches of the dungeon, and saw 6 of its levels.

You collected 334 gold pieces.

Inventory:

Hand Weapons
 a - a +0 falchion of chaos
 o - the +4 hand axe "Ininees" (weapon) {holy, Str+7 Stlth-}
   (You found it on level 2 of the Dungeon)

   Str+7:     It affects your strength (+7).
   Stlth-:    It makes you less stealthy.
Armour
 b - a +2 leather armour (worn)
 i - a +0 kite shield (worn)
 r - a +0 helmet (worn)
 s - a +0 pair of gloves (worn)
Jewellery
 g - a ring of ice
Wands
 p - a wand of polymorph (6)
 q - a wand of paralysis (5)
Scrolls
 c - a scroll of butterflies
 d - a scroll of silence {unknown}
 f - 4 scrolls of teleportation {unknown}
 k - 7 scrolls of identify {unknown}
 n - a scroll of poison {unknown}
 t - a scroll of revelation {unknown}
 w - 3 scrolls of vulnerability {unknown}
 x - a scroll of noise {unknown}
Potions
 e - a potion of magic {unknown}
 h - a potion of lignification {unknown}
 j - a potion of heal wounds {unknown}
 l - 2 potions of enlightenment {unknown}
 m - 2 potions of cancellation {unknown}
 u - a potion of invisibility {unknown}
 v - a potion of resistance {unknown}


   Skills:
 + Level 5.7 Fighting
 - Level 2.6 Long Blades
 - Level 1.0 Armour
 - Level 2.1 Dodging
 + Level 4.3 Shields
 + Level 3.0 Spellcasting
 + Level 3.0 Conjurations
 + Level 3.0 Hexes
 + Level 3.0 Summonings
 + Level 3.0 Necromancy
 + Level 3.0 Translocations
 + Level 3.0 Transmutations
 + Level 3.0 Fire Magic
 + Level 3.0 Ice Magic
 + Level 3.0 Air Magic
 + Level 3.0 Earth Magic
 + Level 3.0 Poison Magic


You knew the following spells:

 Your Spells              Type           Power      Damage    Failure   Level
a - Kiss of Death         Conj/Necr      48%        2d9       21%         1
b - Wereblood             Tmut           12%        N/A       30%         2
c - Swiftness             Air            12%        N/A       52%         3
Your spell library was empty.

Dungeon Overview and Level Annotations

Branches:
Dungeon (5/15)             Temple (1/1) D:5

Altars:
Ashenzari
Cheibriados
Dithmenos
Elyvilon
Fedhas
Gozag
Hepliaklqana
Makhleb
Nemelex Xobeh
Okawaru
Ru
Trog
Uskayaw
Wu Jian
Xom
Yredelemnul
Zin
The Shining One

Shops:
D:2 (


Innate Abilities, Weirdness & Mutations

You are immune to sickness and miasma.
You are immune to poison.
Your flesh is very heat resistant. (rF++)
You are vulnerable to cold. (rC-)
You float through the air rather than walking.
You learn spells naturally, not from books.
Your magical power is your life essence.
You have superior vitality. (+4 MHP)
Armour fits poorly on your strangely shaped body.
Your body sometimes deteriorates upon taking damage.
You are weak. (Str -2)


Message History

Found a staircase back to the Dungeon.
There is a staircase back to the Dungeon here.
You closely miss the shadow imp. You barely miss the white imp.
The white imp hits you. The white imp freezes you!
You feel a terrible chill! The shadow imp hits you.
You are too injured to fight recklessly!
You are too injured to fight recklessly!
You are too injured to fight recklessly!
You are too injured to fight recklessly!
You are too injured to fight recklessly!
You are too injured to fight recklessly!
You are too injured to fight recklessly!
You hit the shadow imp.
The shadow imp convulses.
The shadow imp is heavily wounded.
You hit the white imp but do no damage.
The white imp shouts, "Relinquish hope, thou horrid doghearted nobody!"
The white imp gestures at you. You block the puff of frost.
The shadow imp hits you. The white imp closely misses you.
You block the shadow imp's attack.
You hit the shadow imp.
The shadow imp convulses.
The shadow imp is almost dead.
You barely miss the white imp. You block the white imp's attack.
The shadow imp gestures at you.
You struggle to resist.
You hit the shadow imp.
You kill the shadow imp!
You barely miss the white imp. The white imp gestures at you.
The puff of frost hits you.
You feel a terrible chill!
* * * LOW HITPOINT WARNING * * *
The white imp gestures at you. The puff of frost hits you.
You feel a terrible chill!
* * * LOW HITPOINT WARNING * * *
Your body deteriorates!
You feel weakened.
You barely miss the white imp. The white imp closely misses you.
You closely miss the white imp. The white imp gestures at you.
The puff of frost hits you!
You feel a terrible chill!
Xom roars with laughter!
You die...

#####._.##### #...........#
#####._.##.##._.#####
#...................#
#####._.##.##.⌠.##.##._.#####
#...........................#
###._.##.##._.##.##._.##.##._.###
.................5...............
_.##.##._.##.##.@.##.##._.##.##._
.................................
###._.##.##.⌠.##.##.⌠.##.##._.###
#...........................#
#####._.##.##._.##.##._.#####
#...................#
#####._.##.##._.#####
#...........# #####._.#####


You could see a white imp.

Vanquished Creatures
  Menkaure (D:4)
  2 ogres
  A phantom (D:4)
  A scorpion (D:5)
  A hound (D:4)
  2 sleepcaps (D:5)
  6 adders
  A river rat (D:3)
  A shadow imp (Temple)
  A worm (D:2)
  3 dart slugs
  11 ball pythons
  5 endoplasms
  3 giant cockroaches
  7 hobgoblins
  8 jackals
  9 kobolds
  7 quokkas
  2 bats (D:1)
  2 frilled lizards
  14 goblins
  6 rats
94 creatures vanquished.

Notes
Turn   | Place    | Note
-------+----------+-------------------------------------------
     0 | D:1      | cforsyth the Djinni Chaos Knight began the quest for the
                  | Orb.
     0 | D:1      | Reached XP level 1. HP: 20/20 MP: 0/0
   135 | D:1      | Found a faded altar of an unknown god.
   150 | D:1      | XOM: silly message
   165 | D:1      | Reached XP level 2. HP: 25/25 MP: 0/0
   273 | D:1      | XOM: silly message
   374 | D:1      | Reached skill level 1 in Spellcasting
   374 | D:1      | Reached skill level 1 in Conjurations
   374 | D:1      | Reached skill level 1 in Hexes
   374 | D:1      | Reached skill level 1 in Summonings
   374 | D:1      | Reached skill level 1 in Necromancy
   374 | D:1      | Reached skill level 1 in Translocations
   374 | D:1      | Reached skill level 1 in Transmutations
   374 | D:1      | Reached skill level 1 in Fire Magic
   374 | D:1      | Reached skill level 1 in Ice Magic
   374 | D:1      | Reached skill level 1 in Air Magic
   374 | D:1      | Reached skill level 1 in Earth Magic
   374 | D:1      | Reached skill level 1 in Poison Magic
   556 | D:1      | Reached XP level 3. HP: 27/30 MP: 0/0
   556 | D:1      | Learned a level 1 spell: Kiss of Death
   996 | D:2      | Reached XP level 4. HP: 30/37 MP: 0/0
  1058 | D:2      | XOM: give mutations
  1058 | D:2      | Gained mutation: You passively dampen the noise of your
                  | surroundings. [Xom's mischief]
  1058 | D:2      | Gained mutation: Your spells are a little harder to cast,
                  | but a little more powerful. [Xom's mischief]
  1058 | D:2      | Gained mutation: You are dopey. (Int -2) [Xom's mischief]
  1058 | D:2      | Lost mutation: You are dopey. (Int -2) [Xom's mischief]
  1065 | D:2      | XOM: 5-stop teleportation journey
  1162 | D:2      | Reached skill level 1 in Shields
  1172 | D:2      | Found Cinaef's Weapon Shop.
  1210 | D:2      | XOM: silly message
  1313 | D:2      | XOM: give mutation
  1313 | D:2      | Gained mutation: You occasionally lose the ability to read
                  | scrolls when taking damage. [Xom's mischief]
  1470 | D:2      | XOM: summons 1 hostile shadow creature
  1574 | D:2      | XOM: give mutations
  1574 | D:2      | Lost mutation: You passively dampen the noise of your
                  | surroundings. [Xom's mischief]
  1574 | D:2      | Gained mutation: Armour fits poorly on your strangely
                  | shaped body. [Xom's mischief]
  1574 | D:2      | Gained mutation: You expend health (3 HP) to strengthen
                  | your wands. [Xom's mischief]
  1574 | D:2      | Lost mutation: Your spells are a little harder to cast, but
                  | a little more powerful. [Xom's mischief]
  1716 | D:2      | Identified the +4 hand axe "Ininees" {holy, Str+7 Stlth-}
  1744 | D:3      | XOM: blink monster(s)
  1973 | D:3      | Reached skill level 4 in Fighting
  2206 | D:3      | Noticed Robin
  2244 | D:3      | Robin changed into Robin the river rat
  2244 | D:3      | Noticed Robin
  2244 | D:3      | XOM: polymorph Robin -> Robin the river rat
  2289 | D:3      | Killed Robin the river rat
  2290 | D:3      | Reached XP level 5. HP: 38/41 MP: 0/0
  2290 | D:3      | Learned a level 2 spell: Wereblood
  2618 | D:3      | XOM: cloud trail
  2822 | D:3      | XOM: god gift: 18 gold pieces
  2835 | D:4      | Noticed Menkaure
  3092 | D:4      | XOM: 4-stop teleportation journey
  3117 | D:4      | XOM: 4-stop teleportation journey
  3130 | D:4      | Noticed an ogre
  3137 | D:4      | XOM: summons friendly iron imp
  3156 | D:4      | Killed an ogre
  3157 | D:4      | Reached XP level 6. HP: 11/48 MP: 0/0
  3252 | D:4      | XOM: give mutation
  3252 | D:4      | Lost mutation: You occasionally lose the ability to read
                  | scrolls when taking damage. [Xom's mischief]
  3295 | D:4      | XOM: silly message
  3443 | D:4      | XOM: give mutation
  3443 | D:4      | Lost mutation: You expend health (3 HP) to strengthen your
                  | wands. [Xom's mischief]
  3547 | D:4      | Killed Menkaure
  3548 | D:4      | Reached skill level 5 in Fighting
  3548 | D:4      | Reached XP level 7. HP: 52/54 MP: 0/0
  3548 | D:4      | Learned a level 3 spell: Swiftness
  3587 | D:4      | XOM: silly message
  3827 | D:4      | XOM: give mutations
  3827 | D:4      | Gained mutation: You are weak. (Str -2) [Xom's mischief]
  3827 | D:4      | Gained mutation: Your body sometimes deteriorates upon
                  | taking damage. [Xom's mischief]
  3942 | D:5      | Entered Level 5 of the Dungeon
  4042 | D:5      | XOM: 2-stop teleportation journey
  4052 | D:5      | XOM: summons 4 hostile demons
  4053 | D:5      | XOM: cast spell 'Alistair's Intoxication'
  4059 | D:5      | XOM: smoke on damage
  4415 | D:5      | XOM: confusion
  4430 | D:4      | XOM: summons 2 hostile shadow creatures
  4617 | D:5      | XOM: summons 4 hostile demons
  4618 | D:5      | Noticed a rust devil
  4909 | D:5      | Found a staircase to the Ecumenical Temple.
  4925 | Temple   | Entered the Ecumenical Temple
  4931 | Temple   | Killed from afar by a white imp

Illustrated notes

Levels and vault maps discovered:
D:1:      lemuel_arrival_funnel, layout_basic, chequers_ecumenical_altar_simple
D:2:      layout_basic, serial_shops, shop, minmay_fractal_squares_5
D:3:      layout_loops_ring, uniq_robin
D:4:      layout_basic, uniq_menkaure
D:5:      layout_cave_pools, minmay_temple_entry_tees
Temple:   grunt_wide_crystal_templ

Skill      XL: |  1  2  3  4  5  6  7 |
---------------+----------------------+-----
Spellcasting   | 1 2 3 |  3.0
Conjurations   | 1 2 3 |  3.0
Hexes          | 1 2 3 |  3.0
Summonings     | 1 2 3 |  3.0
Necromancy     | 1 2 3 |  3.0
Translocations | 1 2 3 |  3.0
Transmutations | 1 2 3 |  3.0
Fire Magic     | 1 2 3 |  3.0
Ice Magic      | 1 2 3 |  3.0
Air Magic      | 1 2 3 |  3.0
Earth Magic    | 1 2 3 |  3.0
Poison Magic   | 1 2 3 |  3.0
Shields        | 1 2 3 4 |  4.3
Fighting       | 4 5 |  5.7
Long Blades    | |  2.6
Armour         | |  1.0
Dodging        | |  2.1

Action                     |  1- 3 |  4- 6 |  7- 9 || total
---------------------------+-------+-------+-------++-------
  Melee: Falchion          |    79 |    29 |       ||   108
         Punch             |     1 |       |       ||     1
         Hand axe          |       |   127 |    64 ||   191
  Evoke: Wand              |       |     6 |     1 ||     7
   Stab: Sleeping          |     1 |       |       ||     1
         Paralysed         |       |     2 |     5 ||     7
 Armour: Leather armour    |    45 |    88 |    79 ||   212
  Dodge: Dodged            |    47 |    63 |    49 ||   159
  Block: Kite shield       |    12 |    52 |    52 ||   116

Table legend: (Time is in decaauts)
 A = Elapsed time spent in this place.
 B = Non-inter-level travel time spent in this place.
 C = Inter-level travel time spent in this place.
 D = Time resting spent in this place.
 E = Time spent auto-exploring this place.
 F = Levels seen in this place.
 G = Mean time per level.
                   A        B        C        D        E       F      G
               +--------+--------+--------+--------+--------+-----+--------+
         Total |   5055 |   4842 |    213 |    678 |   3219 |   6 |  842.5 |
       Dungeon |   5047 |   4834 |    213 |    678 |   3219 |   5 | 1009.4 |
        Temple |      8 |      8 |      0 |      0 |      0 |   1 |    8.0 |
               +--------+--------+--------+--------+--------+-----+--------+

Top non-repeatable levels by time:
     D:4: 1828 daAuts
     D:3: 1100 daAuts
     D:2: 1009 daAuts
     D:1: 841 daAuts
     D:5: 267 daAuts
  Temple: 8 daAuts
